 Dungeon Crawl Stone Soup version 0.31-a0-1001-g770356a28f (webtiles) character file.

Game seed: 7729174573361304243

74 Gargoyl the Trooper (level 4, 0/29 HPs)
             Began as a Gargoyle Berserker on Nov 8, 2023.
             Was a Believer of Trog.
             Slain by a gnoll
             ... wielding a +0 whip
              (4 damage)
             ... on level 2 of the Dungeon.
             The game lasted 00:02:51 (1421 turns).

Gargoyl the Trooper (Gargoyle Berserker)            Turns: 1421, Time: 00:02:51

Health: 0/29       AC:  9    Str: 20    XL:     4   Next: 28%
Magic:  4/4        EV: 11    Int:  8    God:    Trog [**....]
Gold:   47         SH:  0    Dex: 11    Spells: 3/3 levels left

rFire   . . .        g - +1 war axe
rCold   . . .        (no shield)
rNeg    + . .        c - +0 ring mail
rPois   ∞            (no helmet)
rElec   +            (no cloak)
rCorr   .            (no gloves)
SInv    .            (no boots)
Will    .....        (no amulet)
Stlth   +            (no ring)
HPRegen 0.24/turn    (no ring)
MPRegen 0.09/turn

%: no passive effects
@: on berserk cooldown, slowed, very slow
A: sickness immunity, AC +3, negative energy resistance 1, electricity
resistance, torment resistance 1, petrification resistance
a: Renounce Religion, Berserk, Trog's Hand


You were on level 2 of the Dungeon.
You worshipped Trog.
Trog was pleased with you.
You visited 1 branch of the dungeon, and saw 3 of its levels.

You collected 362 gold pieces.
You spent 315 gold pieces at shops.

Inventory:

Hand Weapons
 a - a +0 hand axe
 g - a +1 war axe (weapon)
Armour
 c - a +0 ring mail (worn)
Jewellery
 f - an amulet of guardian spirit
 h - a ring of protection from fire
Scrolls
 b - a scroll of enchant weapon
 d - a scroll of teleportation
 l - 2 scrolls of blinking
Potions
 i - a potion of mutation {unknown}
 j - a potion of curing {unknown}


   Skills:
 + Level 3.9 Fighting
 + Level 3.5 Axes
 + Level 2.5 Armour
 + Level 2.1 Dodging


You had 3 spell levels left.
You didn't know any spells.
Your spell library was empty.

Dungeon Overview and Level Annotations

Branches:
Dungeon (3/15)

Altars:

Shops:
D:2 ?


Innate Abilities, Weirdness & Mutations

You are immune to sickness and miasma.
Your stone body is resilient. (AC +3)
You are immune to poison.
You resist negative energy. (rN+)
You are resistant to electric shocks. (rElec)
You are resistant to unholy torment.
You are immune to petrification.


Message History

Unknown command.
You closely miss the gnoll.
The gnoll is moderately wounded.
The gnoll hits you with a +0 halberd!
You completely miss the gnoll.
The gnoll is moderately wounded.
You feel the effects of Trog's Hand fading.
The gnoll hits you with a +0 halberd!
You slash the gnoll!
You kill the gnoll!
Trog accepts your kill.
Unknown command.
You slash the goblin!
You kill the goblin!
Trog accepts your kill.
Unknown command.
You are no longer berserk.
You are exhausted.
You feel yourself slow down. The gnoll barely misses you.
The gnoll closely misses you.
Things that are here:
a +0 dagger; a +0 halberd; a gnoll corpse You barely miss the gnoll.
The gnoll hits you from afar with a +0 halberd!
The gnoll misses you. The gnoll completely misses you.
The gnoll hits you but does no damage.
Unknown command.
You hit the gnoll.
The gnoll is lightly wounded.
Your skin stops crawling.
You feel less strong-willed.
The gnoll hits you from afar with a +0 halberd.
The gnoll hits you but does no damage.
The gnoll hits you from afar with a +0 halberd!
* * * LOW HITPOINT WARNING * * *
The gnoll hits you but does no damage.
You hit the gnoll but do no damage.
The gnoll is lightly wounded.
The gnoll barely misses you. The gnoll hits you but does no damage.
The gnoll closely misses you. The gnoll hits you with a +0 whip.
You die...

#.# #... #. #.# ####
##.# #.# ...## #.# ...#
#.# # ..# #.## ##. #.#
#..## #
###...##.########...####
......g@...............'
###..g##.####.......####
##. #.# #.###...# # #
..# #.##....# ####
#.###.#.# #.# #.#.#
#.###.#.# #.......####
#####.......


You could see 2 gnolls.

Vanquished Creatures
  2 adders (D:2)
  A gnoll (D:2)
  A dart slug (D:2)
  5 bats
  5 endoplasms
  3 giant cockroaches
  3 goblins
  3 hobgoblins
  3 kobolds
  2 quokkas (D:1)
  5 ball pythons
  5 frilled lizards
  5 rats
43 creatures vanquished.

Notes
Turn   | Place    | Note
-------+----------+-------------------------------------------
     0 | D:1      | Gargoyl the Gargoyle Berserker began the quest for the Orb.
     0 | D:1      | Reached XP level 1. HP: 14/14 MP: 1/1
   187 | D:1      | Reached XP level 2. HP: 19/19 MP: 2/2
   820 | D:1      | Reached ** piety under Trog
   821 | D:1      | Reached XP level 3. HP: 18/24 MP: 3/3
   920 | D:2      | Identified a scroll of acquirement
   920 | D:2      | Acquired 292 gold pieces
  1100 | D:2      | You fall into a shaft and drop 1 floor!
  1231 | D:2      | Found Vyqemarch's Magic Scroll Emporium.
  1236 | D:2      | Bought a scroll of enchant weapon for 105 gold pieces
  1236 | D:2      | Bought a scroll of blinking for 105 gold pieces
  1236 | D:2      | Bought a scroll of blinking for 105 gold pieces
  1274 | D:2      | Reached XP level 4. HP: 28/29 MP: 4/4
  1421 | D:2      | Slain by a gnoll

Illustrated notes

Levels and vault maps discovered:
D:1:      dpeg_arrival_rooms_a, layout_basic
D:2:      layout_loops_corners, serial_shops, shop, minmay_quadrilaterals
D:3:      layout_loops_ring, mainiacjoe_overflow_cross_hatched,
          minmay_misc_feat_diagonals

Skill      XL: |  1  2  3 |
---------------+----------+-----
Axes           | 3 |  3.5
Dodging        | 2 |  2.1
Fighting       | |  3.9
Armour         | |  2.5

Action                     |  1- 3 |  4- 6 || total
---------------------------+-------+-------++-------
  Melee: Hand axe          |   100 |       ||   100
         War axe           |    32 |    21 ||    53
         Punch             |     1 |       ||     1
 Invoke: Berserk           |       |     1 ||     1
         Trog's Hand       |       |     1 ||     1
    Use: Scroll            |     5 |       ||     5
 Armour: Animal skin       |    21 |       ||    21
         Ring mail         |    69 |    19 ||    88
  Dodge: Dodged            |   108 |    19 ||   127

Table legend: (Time is in decaauts)
 A = Elapsed time spent in this place.
 B = Non-inter-level travel time spent in this place.
 C = Inter-level travel time spent in this place.
 D = Time resting spent in this place.
 E = Time spent auto-exploring this place.
 F = Levels seen in this place.
 G = Mean time per level.
                   A        B        C        D        E       F      G
               +--------+--------+--------+--------+--------+-----+--------+
         Total |   1453 |   1433 |     20 |      0 |    911 |   3 |  484.3 |
       Dungeon |   1453 |   1433 |     20 |      0 |    911 |   3 |  484.3 |
               +--------+--------+--------+--------+--------+-----+--------+

Top non-repeatable levels by time:
     D:1: 934 daAuts
     D:2: 452 daAuts
     D:3: 67 daAuts
